 Dungeon Crawl Stone Soup version 0.26-a0-682-g294304f6e8 (webtiles) character file.

Game seed: 16864506330019627356

203 dickylongcocking the Spear-Bearer (level 5, -2/38 HPs)
             Began as a Merfolk Gladiator on Oct 21, 2020.
             Was an Initiate of Yredelemnul.
             Slain by a mummy (16 damage)
             ... in an ossuary.
             The game lasted 00:02:35 (2828 turns).

dickylongcocking the Spear-Bearer (MfGl)            Turns: 2828, Time: 00:02:36

Health: -2/38      AC:  4    Str: 14    XL:     5   Next: 81%
Magic:  5/5        EV: 14    Int:  8    God:    Yredelemnul [......]
Gold:   45         SH:  0    Dex: 16    Spells: 4/4 levels left

rFire    . . .     SeeInvis .   q - +4 spear
rCold    . . .     Faith    .   (no shield)
rNeg     . . .     Spirit   .   b - +0 leather armour
rPois    .         Reflect  .   c - +0 helmet
rElec    .         Harm     .   (no cloak)
rCorr    .         Rampage  .   (no gloves)
MR       .....                  (no boots)
Stlth    +.........             k - amulet of regeneration
HPRegen  0.52/turn              (no ring)
MPRegen  0.09/turn              (no ring)

@: no status effects
A: change form in water, swift swim, stealthy swim
a: Renounce Religion


You were in an ossuary.
You worshipped Yredelemnul.
Yredelemnul was noncommittal.
You visited 1 branch of the dungeon, and saw 4 of its levels.
You also visited: Ossuary.

You collected 255 gold pieces.
You spent 210 gold pieces at shops.

Inventory:

Hand Weapons
 a - a +0 trident
 q - a +4 spear (weapon)
Missiles
 d - 2 throwing nets (quivered)
Armour
 b - a +0 leather armour (worn)
 c - a +0 helmet (worn)
Jewellery
 k - an amulet of regeneration (around neck)
 v - an uncursed ring of positive energy {unknown}
Scrolls
 f - a scroll of immolation {unknown}
 h - 3 scrolls of identify {unknown}
 i - a scroll of enchant armour {unknown}
 n - 5 scrolls of remove curse {unknown}
 r - a scroll of enchant weapon {unknown}
 w - a scroll of fog {unknown}
Potions
 e - 2 potions of lignification {unknown}
 g - 3 potions of stabbing {unknown}
 j - a potion of degeneration {unknown}
 l - 4 potions of curing
 m - a potion of berserk rage {unknown}
 o - 2 potions of mutation {unknown}
 p - 2 potions of haste {unknown}
 s - a potion of might {unknown}
 u - a potion of resistance


   Skills:
 - Level 2.1 Fighting
 * Level 9.1 Polearms
 - Level 2.0 Throwing
 - Level 4.0 Dodging


You had 4 spell levels left.
You didn't know any spells.
Your spell library was empty.

Dungeon Overview and Level Annotations

Branches:
Dungeon (4/15)            Ossuary (1/1)
 Temple: D:4-7

Altars:
Dithmenos
Gozag
Yredelemnul

Shops:
D:4 !


Message History

You hit the mummy but do no damage.
The mummy is lightly damaged.
The big kobold zombie hits you but does no damage.
The mummy barely misses you.
The hobgoblin zombie hits you but does no damage.
You hit the mummy.
The mummy is moderately damaged.
The orc zombie hits you. The orc zombie barely misses you.
The big kobold zombie completely misses you.
You hit the mummy but do no damage.
The mummy is moderately damaged.
The hobgoblin zombie barely misses you. The mummy hits you!
The orc zombie hits you but does no damage.
You hit the mummy.
The mummy is heavily damaged.
The orc zombie closely misses you. The big kobold zombie hits you.
The orc zombie hits you but does no damage.
The mummy hits you!
You die...
Your body rises from the dead as a mindless zombie.

.............
#........#
#......#
#....# #....#
#.Z..# #Z...#
#ZZM.# #.@ZZ#
#....# #....#
#.∩∩.# ######


You could see a mummy, a hobgoblin zombie, a gnoll zombie, a kobold zombie, a
big kobold zombie and 2 orc zombies.

Vanquished Creatures
  A hound (D:4)
  4 mummies
  2 adders
  3 oozes
  A worm (D:2)
  2 dart slugs
  5 leopard geckos
  2 orcs (D:3)
  9 bats
  A giant cockroach (D:1)
  8 goblins
  14 hobgoblins
  5 jackals (D:3)
  7 kobolds
  A quokka (D:3)
  A frilled lizard (D:3)
  A hobgoblin zombie (Ossuary)
  A kobold zombie (Ossuary)
  7 rats
75 creatures vanquished.

Notes
Turn   | Place    | Note
-------+----------+-------------------------------------------
     0 | D:1      | dickylongcocking the Merfolk Gladiator began the quest for
                  | the Orb.
     0 | D:1      | Reached XP level 1. HP: 16/16 MP: 1/1
    68 | D:1      | Reached skill level 5 in Polearms
   195 | D:1      | Reached XP level 2. HP: 20/22 MP: 2/2
   394 | D:1      | Reached skill level 6 in Polearms
   394 | D:1      | Reached XP level 3. HP: 20/27 MP: 3/3
  1437 | D:2      | Reached XP level 4. HP: 29/33 MP: 4/4
  1510 | D:3      | Reached skill level 7 in Polearms
  2011 | D:3      | Reached skill level 8 in Polearms
  2044 | D:3      | Found a faded altar of an unknown god.
  2075 | D:3      | Reached XP level 5. HP: 38/38 MP: 5/5
  2112 | D:3      | Found an opulent altar of Gozag.
  2602 | D:4      | Found a basalt altar of Yredelemnul.
  2605 | D:4      | Found a shadowy altar of Dithmenos.
  2614 | D:4      | Found Toilixoc's Distillery.
  2616 | D:4      | Became a worshipper of Yredelemnul the Dark
  2625 | D:4      | Bought a potion of heal wounds for 50 gold pieces
  2625 | D:4      | Bought 2 potions of curing for 60 gold pieces
  2625 | D:4      | Bought a potion of resistance for 100 gold pieces
  2764 | D:4      | Found a sand-covered staircase.
  2777 | Ossuary  | Entered an ossuary
  2814 | Ossuary  | Reached skill level 9 in Polearms
  2828 | Ossuary  | Slain by a mummy

Illustrated notes

Levels and vault maps discovered:
D:1:      doesnt_arrival_eight_statues, layout_loops_ring, eino_curves_02,
          dk_noncrumbling_4, roderic_roman_lattice
D:2:      layout_loops_cross
D:3:      layout_basic, grunt_gozag_breadcrumbs,
          chequers_ecumenical_altar_twisty, minmay_fractal_squares_5
D:4:      layout_gridville, chequers_temple_overflow_statue_of_worship,
          gup_ossuary_entry_pyramid, serial_shops, shop, tso_altar
Ossuary:  ossuary_tomb_3

Skill      XL: |  1  2  3  4  5 |
---------------+----------------+-----
Polearms       | 5 6 8 9 |  9.1
Fighting       | |  2.1
Throwing       | |  2.0
Dodging        | |  4.0

Action                   |  1- 3 |  4- 6 || total
-------------------------+-------+-------++-------
Melee: Trident           |   109 |   104 ||   213
       Spear             |       |    60 ||    60
Throw: Throwing net      |       |     1 ||     1
  Use: Potion            |       |     1 ||     1
 Stab: Distracted        |     1 |     2 ||     3
       Sleeping          |     1 |       ||     1
Armor: Leather armour    |    16 |    39 ||    55
Dodge: Dodged            |    45 |   114 ||   159

Table legend: (Time is in decaauts)
 A = Elapsed time spent in this place.
 B = Non-inter-level travel time spent in this place.
 C = Inter-level travel time spent in this place.
 D = Time resting spent in this place.
 E = Time spent auto-exploring this place.
 F = Levels seen in this place.
 G = Mean time per level.
                   A        B        C        D        E       F      G
               +--------+--------+--------+--------+--------+-----+--------+
         Total |   2800 |   2730 |     70 |    137 |   2074 |   5 |  560.0 |
       Dungeon |   2761 |   2691 |     70 |    137 |   2071 |   4 |  690.2 |
       Ossuary |     39 |     39 |      0 |      0 |      3 |   1 |   39.0 |
               +--------+--------+--------+--------+--------+-----+--------+

Top non-repeatable levels by time:
     D:1: 953 daAuts
     D:3: 778 daAuts
     D:2: 706 daAuts
     D:4: 323 daAuts
 Ossuary: 39 daAuts
